 Dungeon Crawl Stone Soup version 0.28-a0-71-g84acfa7270 (webtiles) character file.

Game seed: 11941755015085013129

56 siradein the Chucker (level 3, -1/39 HPs)
             Began as an Ogre Hunter on Aug 2, 2021.
             Slain by an adder (3 damage)
             ... on level 2 of the Dungeon.
             The game lasted 00:03:36 (2089 turns).

siradein the Chucker (Ogre Hunter)                  Turns: 2089, Time: 00:03:36

Health: -1/39      AC:  3    Str: 16    XL:     3   Next: 95%
Magic:  3/3        EV:  9    Int: 12    God:
Gold:   19         SH:  0    Dex: 10    Spells: 2/2 levels left

rFire   . . .      SeeInvis +   f - +0 flail
rCold   . . .      Faith    .   (no shield)
rNeg    . . .      Spirit   .   b - +0 robe
rPois   .          Reflect  .   (helmet restricted)
rElec   .          Harm     .   (no cloak)
rCorr   .          Rampage  .   (gloves unavailable)
Will    .....                   (boots unavailable)
Stlth   +.........              (no amulet)
HPRegen 0.13/turn               e - ring of see invisible
MPRegen 0.08/turn               (no ring)

@: lethally poisoned (-1 -> -15)
A: large, unfitting armour, tough skin 1
a: no special abilities


You were on level 2 of the Dungeon.
You visited 1 branch of the dungeon, and saw 2 of its levels.

You collected 19 gold pieces.

Inventory:

Hand Weapons
 f - a +0 flail (weapon)
Missiles
 c - 5 large rocks (quivered)
 d - 2 throwing nets
Armour
 b - a +0 robe (worn)
Jewellery
 e - a ring of see invisible (left hand)
Scrolls
 a - a scroll of amnesia {unknown}
 h - a scroll of identify {unknown}
 i - a scroll of immolation {unknown}
 k - a scroll of enchant armour {unknown}
Potions
 g - a potion of berserk rage {unknown}
 j - a potion of mutation {unknown}


   Skills:
 + Level 4.1 Fighting
 + Level 1.0 Maces & Flails
 + Level 4.6 Throwing
 - Level 1.7 Dodging
 - Level 0.6 Stealth


You had 2 spell levels left.
You didn't know any spells.
Your spell library was empty.

Dungeon Overview and Level Annotations

Branches:
Dungeon (2/15)

Altars:


Innate Abilities, Weirdness & Mutations

You are too large for most types of armour.
You have tough skin. (AC +1)


Message History

The adder hisses angrily.
You closely miss the adder. The adder bites you.
You barely miss the adder. The adder barely misses you.
The adder bites you but does no damage.
You miss the adder. The adder bites you. x2
You completely miss the adder. The adder bites you.
The adder bites you but does no damage.
You closely miss the adder. The adder barely misses you.
You miss the adder. The adder bites you.
You are poisoned.
The adder poisons you! The adder bites you.
You are more poisoned.
The adder poisons you!
You hit the adder.
The adder is lightly wounded.
You feel very sick. The adder bites you. The adder barely misses you.
You are too injured to fight recklessly!
You are too injured to fight recklessly!
You are too injured to fight recklessly!
You are too injured to fight recklessly!
You hit the adder.
The adder is moderately wounded.
You feel very sick. The adder bites you.
The adder bites you but does no damage.
You miss the adder.
The adder is moderately wounded.
You feel sick. The adder bites you.
* * * LOW HITPOINT WARNING * * *
You are lethally poisoned!
The adder poisons you!
You hit the adder.
The adder is heavily wounded.
* * * LOW HITPOINT WARNING * * *
You feel very sick. The adder bites you.
* * * LOW HITPOINT WARNING * * *
You are more poisoned.
The adder poisons you! The adder bites you.
You die...

#..... #.#### #.# #.#
#.# #.# #.#
###################.#
.....!S@.$..†.......#
###################.#
###


You could see an adder.

Vanquished Creatures
  An adder (D:2)
  2 worms (D:2)
  3 dart slugs (D:1)
  2 endoplasms (D:2)
  A giant cockroach (D:2)
  2 goblins
  2 hobgoblins (D:1)
  4 jackals (D:1)
  A quokka (D:1)
  5 ball pythons (D:1)
  5 bats
  3 frilled lizards (D:1)
  2 kobolds (D:1)
  4 rats
37 creatures vanquished.

Notes
Turn   | Place    | Note
-------+----------+-------------------------------------------
     0 | D:1      | siradein the Ogre Hunter began the quest for the Orb.
     0 | D:1      | Reached XP level 1. HP: 22/22 MP: 1/1
   178 | D:1      | Reached XP level 2. HP: 30/31 MP: 2/2
   734 | D:1      | Reached XP level 3. HP: 37/37 MP: 3/3
  1755 | D:2      | Reached skill level 1 in Maces & Flails
  2089 | D:2      | Slain by an adder

Illustrated notes

Levels and vault maps discovered:
D:1:      minmay_arrival_doors, layout_loops_corners
D:2:      layout_basic, basic_ecumenical_altar, minmay_pentomino_z4

Skill      XL: |  1  2  3 |
---------------+----------+-----
Fighting       | 3 4 |  4.1
Maces & Flails | 1 |  1.0
Throwing       | |  4.6
Dodging        | |  1.7
Stealth        | |  0.6

Action                   || total
-------------------------++-------
Melee: Short sword       ||    32
       Flail             ||   102
 Stab: Sleeping          ||     3
Armor: Robe              ||    45
Dodge: Dodged            ||    67

Table legend: (Time is in decaauts)
 A = Elapsed time spent in this place.
 B = Non-inter-level travel time spent in this place.
 C = Inter-level travel time spent in this place.
 D = Time resting spent in this place.
 E = Time spent auto-exploring this place.
 F = Levels seen in this place.
 G = Mean time per level.
                   A        B        C        D        E       F      G
               +--------+--------+--------+--------+--------+-----+--------+
         Total |   2129 |   2072 |     57 |    188 |   1523 |   2 | 1064.5 |
       Dungeon |   2129 |   2072 |     57 |    188 |   1523 |   2 | 1064.5 |
               +--------+--------+--------+--------+--------+-----+--------+

Top non-repeatable levels by time:
     D:1: 1492 daAuts
     D:2: 637 daAuts
